 Dungeon Crawl Stone Soup version 0.26-a0-649-gf8c6c3aab7 (webtiles) character file.

Game seed: 7872244979526980666

744 sahdkjhfkaj the Charlatan (level 7, -1/47 HPs)
             Began as an Octopode Artificer on Sept 26, 2020.
             Splashed by a jelly's acid (4 damage)
             ... on level 5 of the Dungeon.
             The game lasted 00:11:01 (7470 turns).

sahdkjhfkaj the Charlatan (Octopode Artificer)      Turns: 7470, Time: 00:11:01

Health: -1/47      AC: -3    Str: 14    XL:     7   Next: 76%
Magic:  7/7        EV: 15    Int: 13    God:
Gold:   267        SH:  0    Dex: 12    Spells: 6/6 levels left

rFire    . . .     SeeInvis .     - Unarmed
rCold    . . .     Faith    .   (no shield)
rNeg     . . .     Spirit   .   (helmet restricted)
rPois    .         Reflect  .   (no amulet)
rElec    .         Harm     .   j - ring of protection from magic
rCorr    .         Rampage  .   g - ring of flight
MR       +....                  (no ring)
Stlth    +++.......             (no ring)
HPRegen  0.15/turn              (no ring)
MPRegen  0.10/turn              (no ring)
                                (no ring)
                                (no ring)

@: corroded
A: almost no armour, stealthy swim, amphibious, 8 rings, constrict 8, camouflage
1, gelatinous body 1
a: Evoke Flight


You were on level 5 of the Dungeon.
You visited 1 branch of the dungeon, and saw 5 of its levels.

You collected 267 gold pieces.

Inventory:

Hand Weapons
 a - a +0 club
Missiles
 k - 3 boomerangs
 w - 7 silver boomerangs (quivered)
Armour
 u - a +1 cloak
Jewellery
 g - a ring of flight (right tentacle)
 j - a ring of protection from magic (left tentacle)
 v - a cursed ring of attention {unknown}
Wands
 b - a wand of flame (11)
 c - a wand of enslavement (8)
 d - a wand of random effects (10)
Scrolls
 f - 2 scrolls of fear
 h - 3 scrolls of teleportation
 i - a scroll of amnesia
 l - a scroll of remove curse
 n - 5 scrolls of enchant armour
 p - a scroll of enchant weapon {unknown}
 t - a scroll of magic mapping
Potions
 e - 3 potions of ambrosia
 m - 3 potions of curing
 o - a potion of lignification
 q - 4 potions of mutation
 r - a potion of stabbing {unknown}
 s - a potion of flight {unknown}


   Skills:
 + Level 3.7 Fighting
 + Level 4.3 Dodging
 - Level 1.3 Stealth
 * Level 5.1 Unarmed Combat
 + Level 5.1 Evocations


You had 6 spell levels left.
You didn't know any spells.
Your spell library was empty.

Dungeon Overview and Level Annotations

Branches:
Dungeon (5/15)
 Temple: D:4-7

Altars:
Fedhas
Yredelemnul


Innate Abilities, Weirdness & Mutations

You cannot wear most types of armour.
You are very stealthy in the water. (Stealth+)
You are amphibious.
You can wear up to eight rings at the same time.
You can use your tentacles to constrict eight enemies at once.
Your skin changes colour to match your surroundings (Stealth+).
Your rubbery body absorbs attacks. (AC +1, EV +1)


Message History

A jelly is nearby!
A jelly is nearby!
Things that are here:
a +0 giant club; an ogre skeleton You tentacle-slap the jelly.
Your tentacles burn!
You squeeze the jelly!
The jelly is almost dead.
The jelly hits you. The acid corrodes you!
You are splashed with acid!
You are too injured to fight recklessly!
You are too injured to fight recklessly!
You tentacle-slap the jelly but do no damage.
Your tentacles burn!
* * * LOW HITPOINT WARNING * * *
The jelly is almost dead.
The jelly hits you.
* * * LOW HITPOINT WARNING * * *
You are splashed with acid!
* * * LOW HITPOINT WARNING * * *
You tentacle-slap the jelly but do no damage.
Your tentacles burn!
You die...

#..........<#.#≈≈≈≈...
..........((...≈≈≈≈≈#.#
...........((.#.≈≈≈≈≈...####
.........)(((....≈≈≈≈.......
#.........)......≈≈≈≈≈......
#..........###...≈≈≈≈≈......
#.).......####..88≈≈≈≈≈88...
#......)))###...............
...........@................
...._.....##J...88≈≈≈≈≈88...
.........>###......≈≈≈≈.....
..⌠....#..#####....≈≈≈≈≈....
.......#......##...≈≈≈≈≈....
_........####.# ##.#≈≈≈≈###.
....[......##.####..≈≈≈≈ #.
#.......##.......##.≈≈≈≈ #.
#####.#.####..#......≈≈≈≈ #.


You could see a jelly.

Vanquished Creatures
  Eustachio (D:4)
  An ogre (D:4)
  A howler monkey (D:4)
  A bullfrog skeleton (D:5)
  A hound (D:4)
  3 orc wizards
  5 worker ants
  A hound skeleton (D:4)
  A gnoll (D:5)
  A howler monkey skeleton (D:4)
  An adder (D:2)
  2 shadow imps (D:5)
  An ufetubus (D:5)
  An ooze (D:4)
  6 worms
  A dart slug (D:2)
  3 leopard geckos
  10 orcs
  A ball python (D:2)
  9 giant cockroaches
  6 goblins
  7 hobgoblins
  4 jackals (D:2)
  6 kobolds
  4 quokkas
  9 bats
  8 frilled lizards
  A quokka skeleton (D:4)
  4 rats
100 creatures vanquished.

Vanquished Creatures (others)
  An ogre (D:5)
1 creature vanquished.

Grand Total: 101 creatures vanquished

Notes
Turn   | Place    | Note
-------+----------+-------------------------------------------
     0 | D:1      | sahdkjhfkaj the Octopode Artificer began the quest for the
                  | Orb.
     0 | D:1      | Reached XP level 1. HP: 13/13 MP: 1/1
   471 | D:1      | Reached XP level 2. HP: 15/18 MP: 2/2
   636 | D:1      | Reached skill level 1 in Unarmed Combat
  1216 | D:2      | Reached XP level 3. HP: 1/23 MP: 3/3
  2180 | D:2      | Reached XP level 4. HP: 29/29 MP: 4/4
  3750 | D:3      | Reached XP level 5. HP: 33/34 MP: 5/5
  4450 | D:4      | Noticed Eustachio
  4458 | D:4      | Killed Eustachio
  4458 | D:4      | Reached XP level 6. HP: 22/41 MP: 6/6
  5290 | D:4      | Reached XP level 7. HP: 46/46 MP: 7/7
  5507 | D:5      | Entered Level 5 of the Dungeon
  6794 | D:5      | Reached skill level 5 in Evocations
  7045 | D:5      | Found a basalt altar of Yredelemnul.
  7045 | D:5      | Found a blossoming altar of Fedhas.
  7087 | D:5      | Reached skill level 5 in Unarmed Combat
  7470 | D:5      | Splashed by a jelly's acid

Illustrated notes

Levels and vault maps discovered:
D:1:      nicolae_arrival_memento_mori, layout_basic
D:2:      minmay_chambers_of_twos, layout_loops_cross
D:3:      layout_basic, serial_bayou_ford_a
D:4:      layout_basic, minmay_misc_feat_diagonals, minmay_quadrilaterals,
          uniq_eustachio
D:5:      wander_river, layout_rooms, old_standard_altar,
          grunt_temple_overflow_open, minmay_temple_entry_stoned_glass,
          minmay_increasing_density

Skill      XL: |  1  2  3  4  5  6  7 |
---------------+----------------------+-----
Unarmed Combat | 1 2 3 4 5 |  5.1
Fighting       | 2 3 |  3.7
Dodging        | 3 4 |  4.3
Evocations     | 4 5 |  5.1
Stealth        | |  1.3

Action                   |  1- 3 |  4- 6 |  7- 9 || total
-------------------------+-------+-------+-------++-------
Melee: Club              |    16 |       |       ||    16
       Constrict         |    27 |    29 |    19 ||    75
       Tentacles         |    12 |    25 |    15 ||    52
       Unarmed           |    88 |   122 |    86 ||   296
       Punch             |       |     4 |     5 ||     9
Throw: Boomerang         |     9 |       |     2 ||    11
Evoke: Wand              |     6 |     6 |     4 ||    16
  Use: Potion            |     1 |     1 |       ||     2
       Scroll            |       |    13 |       ||    13
 Stab: Sleeping          |     9 |     9 |     2 ||    20
       Invisible         |       |     1 |       ||     1
Armor: Skin              |    10 |    11 |     7 ||    28
Dodge: Dodged            |    88 |    70 |    52 ||   210

Table legend: (Time is in decaauts)
 A = Elapsed time spent in this place.
 B = Non-inter-level travel time spent in this place.
 C = Inter-level travel time spent in this place.
 D = Time resting spent in this place.
 E = Time spent auto-exploring this place.
 F = Levels seen in this place.
 G = Mean time per level.
                   A        B        C        D        E       F      G
               +--------+--------+--------+--------+--------+-----+--------+
         Total |   7466 |   7246 |    220 |    491 |   5121 |   5 | 1493.2 |
       Dungeon |   7466 |   7246 |    220 |    491 |   5121 |   5 | 1493.2 |
               +--------+--------+--------+--------+--------+-----+--------+

Top non-repeatable levels by time:
     D:4: 2403 daAuts
     D:2: 1843 daAuts
     D:3: 1256 daAuts
     D:5: 1008 daAuts
     D:1: 953 daAuts
